 Dungeon Crawl Stone Soup version 0.30-a0-940-ge5077277c9 (webtiles) character file.

Game seed: 6257560047437142640

155 Morbidden the Sneak (level 5, -5/39 HPs)
             Began as a Demonspawn Brigand on Mar 26, 2023.
             Slain by a gnoll
             ... wielding a +0 flail
             ... led by a gnoll bouda
              (8 damage)
             ... on level 4 of the Dungeon.
             The game lasted 00:01:34 (960 turns).

Morbidden the Sneak (Demonspawn Brigand)             Turns: 960, Time: 00:01:34

Health: -5/39      AC:  5    Str: 11    XL:     5   Next: 14%
Magic:  6/6        EV: 12    Int: 14    God:
Gold:   95         SH:  0    Dex: 15    Spells: 6/6 levels left

rFire   . . .      SeeInvis .    a - +2 dagger (freeze)
rCold   . . .      Faith    .    (no shield)
rNeg    . . .      Spirit   .    b - +0 robe
rPois   .          Reflect  .    (no helmet)
rElec   .          Rampage  .    c - +0 cloak
rCorr   .                        (no gloves)
Will    .....                    (no boots)
Stlth   +++                      (no amulet)
HPRegen 0.26/turn                (no ring)
MPRegen 0.10/turn                (no ring)

@: no status effects
A: yellow scales 1, spiny 1
a: no special abilities


You were on level 4 of the Dungeon.
You visited 1 branch of the dungeon, and saw 3 of its levels.

You collected 95 gold pieces.

Inventory:

Hand Weapons
 a - a +2 dagger of freezing (weapon)
Missiles
 d - 4 poisoned darts (quivered)
 e - 3 curare-tipped darts
Armour
 b - a +0 robe (worn)
 c - a +0 cloak (worn)
Scrolls
 f - 3 scrolls of identify {unknown}
 i - a scroll of fear {unknown}
 j - 2 scrolls of teleportation {unknown}
 p - a scroll of vulnerability {unknown}
Potions
 g - 2 potions of heal wounds {unknown}
 h - a potion of lignification {unknown}
 k - a potion of attraction {unknown}
 l - 2 potions of degeneration {unknown}
 m - a potion of might {unknown}
 n - 2 potions of resistance {unknown}
 o - a potion of curing {unknown}


   Skills:
 * Level 2.4 Fighting
 * Level 2.6(2.7) Short Blades
 * Level 0.9(1.9) Long Blades
 + Level 1.8 Throwing
 * Level 0.7 Armour
 * Level 2.1 Dodging
 + Level 4.4 Stealth
 * Level 1.1 Spellcasting


You had 6 spell levels left.
You didn't know any spells.
Your spell library contained the following spells:

 Spells                   Type           Power      Damage    Failure   Level
 Blink                    Tloc           0%         N/A       36%         2
 Lesser Beckoning         Tloc           0%         N/A       36%         2
 Momentum Strike          Conj/Tloc      0%         3d8       36%         2


Dungeon Overview and Level Annotations

Branches:
Dungeon (2/15)

Altars:
Qazlal


Innate Abilities, Weirdness & Mutations

You are partially covered in yellow scales. (AC +2)
You are partially covered in sharp spines.


Message History

The poisoned dart hits the gnoll.
The gnoll is poisoned.
The gnoll is no longer moving quickly.
The gnoll is struck by your spines. The gnoll closely misses you.
Throw: 8 darts (poison)
Press: ? - help, Q - select action, (/) - cycle Shift-Dir - straight line, f/p - gnoll
Aim: a gnoll, wielding a +0 flail (moderately wounded, 63% to hit)
You throw a poisoned dart.
The poisoned dart barely misses the gnoll.
The poisoned dart closely misses the gnoll.
The gnoll closely misses you.
Throw: 7 darts (poison)
Press: ? - help, Q - select action, (/) - cycle Shift-Dir - straight line, f/p - gnoll
Aim: a gnoll, wielding a +0 flail (moderately wounded, 63% to hit)
You throw a poisoned dart. The poisoned dart hits the gnoll.
The gnoll is poisoned.
The gnoll is moderately wounded.
The gnoll barely misses you.
Throw: 6 darts (poison)
Press: ? - help, Q - select action, (/) - cycle Shift-Dir - straight line, f/p - gnoll
Aim: a gnoll, wielding a +0 flail (moderately wounded, poisoned, 63% to hit)
You throw a poisoned dart.
The poisoned dart closely misses the gnoll.
The poisoned dart closely misses the gnoll.
Your attacks no longer feel as feeble.
The gnoll hits you with a +0 flail.
* * * LOW HITPOINT WARNING * * *
Throw: 5 darts (poison)
Press: ? - help, Q - select action, (/) - cycle Shift-Dir - straight line, f/p - gnoll
Aim: a gnoll, wielding a +0 flail (heavily wounded, poisoned, 63% to hit)
You throw a poisoned dart.
The poisoned dart closely misses the gnoll.
The poisoned dart hits the gnoll.
The gnoll looks even sicker.
The gnoll is moderately wounded.
The gnoll hits you with a +0 flail.
* * * LOW HITPOINT WARNING * * *
Unknown command.
You hit the gnoll. You freeze the gnoll.
The gnoll is severely wounded.
The gnoll hits you with a +0 flail!
You die...

# #+# .. #.# ## ... #.# .# ..
...##.# #######.# #... #
......###g......#.....
####.#########..@gg(###........
................###.....###.###
####.##########..#.?...).#.. #
##...............
#.....#.....#.....
#....J##...##.....
#.....#.....#..... #
##...............#
#.###..#.......#..##


You could see 3 gnolls.

Vanquished Creatures
  A gnoll bouda (D:4)
  Terence (D:2)
  A gnoll (D:4)
  4 adders (D:2)
  4 dart slugs
  6 endoplasms
  2 giant cockroaches (D:1)
  4 goblins
  4 hobgoblins
  7 kobolds
  A quokka (D:2)
  5 ball pythons
  3 bats (D:1)
  3 frilled lizards (D:2)
  9 rats
55 creatures vanquished.

Notes
Turn   | Place    | Note
-------+----------+-------------------------------------------
     0 | D:1      | Morbidden the Demonspawn Brigand began the quest for the
                  | Orb.
     0 | D:1      | Reached XP level 1. HP: 16/16 MP: 1/1
    75 | D:1      | Reached skill level 1 in Dodging
   168 | D:1      | Gained mutation: You are partially covered in yellow
                  | scales. (AC +2) [demonic ancestry]
   168 | D:1      | Reached XP level 2. HP: 18/22 MP: 2/2
   200 | D:1      | Reached skill level 4 in Stealth
   316 | D:1      | Gained mutation: You are partially covered in sharp spines.
                  | [demonic ancestry]
   316 | D:1      | Reached XP level 3. HP: 19/27 MP: 3/3
   614 | D:2      | Found a stormy altar of Qazlal.
   683 | D:2      | Noticed Terence
   688 | D:2      | Killed Terence
   689 | D:2      | Reached XP level 4. HP: 33/33 MP: 3/5
   895 | D:2      | You fall into a shaft and drop 2 floors!
   929 | D:4      | Reached skill level 1 in Spellcasting
   955 | D:4      | Reached XP level 5. HP: 11/39 MP: 6/6
   960 | D:4      | Slain by a gnoll

Illustrated notes

Levels and vault maps discovered:
D:1:      dpeg_arrival_short_road, layout_rooms, grunt_decor_one_mirror,
          minmay_pentomino_r4
D:2:      minmay_alternating_diamond, layout_rooms, basic_altar, uniq_terence
D:4:      nicolae_cairo_tiling_large_dashed, layout_basic, serial_shops, shop,
          nicolae_shop_advertising_works [nicolae_subvault_shop_adworks],
          kennysheep_mini_moat, nicolae_shop_statue_plus, uniq_pikel,
          uniq_eustachio

Skill      XL: |  1  2  3  4 |
---------------+-------------+-----
Dodging        | 1 2 |  2.1
Stealth        | 4 |  4.4
Short Blades   | 2 |  2.6
Spellcasting   | 1 |  1.1
Fighting       | |  2.4
Long Blades    | |  0.9
Throwing       | |  1.8
Armour         | |  0.7

Action                     |  1- 3 |  4- 6 || total
---------------------------+-------+-------++-------
  Melee: Dagger            |    82 |    43 ||   125
         Punch             |     1 |       ||     1
  Throw: Dart              |       |     5 ||     5
   Stab: Sleeping          |     3 |     2 ||     5
         Distracted        |     1 |       ||     1
 Armour: Robe              |    22 |     7 ||    29
  Dodge: Dodged            |    51 |    21 ||    72

Table legend: (Time is in decaauts)
 A = Elapsed time spent in this place.
 B = Non-inter-level travel time spent in this place.
 C = Inter-level travel time spent in this place.
 D = Time resting spent in this place.
 E = Time spent auto-exploring this place.
 F = Levels seen in this place.
 G = Mean time per level.
                   A        B        C        D        E       F      G
               +--------+--------+--------+--------+--------+-----+--------+
         Total |    945 |    944 |      1 |      0 |    668 |   3 |  315.0 |
       Dungeon |    945 |    944 |      1 |      0 |    668 |   3 |  315.0 |
               +--------+--------+--------+--------+--------+-----+--------+

Top non-repeatable levels by time:
     D:1: 594 daAuts
     D:2: 288 daAuts
     D:4: 62 daAuts
